 Dungeon Crawl Stone Soup version 0.22-a0-553-g9358b0b (webtiles) character file.

116 iamserjio the Chopper (level 5, 0/32 HPs)
             Began as a Gargoyle Fighter on June 25, 2018.
             Slain by Natasha (6 damage)
             ... on level 3 of the Dungeon.
             The game lasted 00:03:12 (429 turns).

iamserjio the Chopper (Gargoyle Fighter)             Turns: 429, Time: 00:03:13

Health: 0/32       AC: 13    Str: 19    XL:     5   Next: 0%
Magic:  5/5        EV:  7    Int:  9    God:
Gold:   61         SH:  9    Dex: 10    Spells: 4/4 levels left

rFire    . . .     SeeInvis .   a - +0 war axe
rCold    . . .     Gourm    .   c - +0 shield
rNeg     + . .     Faith    .   b - +0 scale mail
rPois    ∞         Spirit   .   l - +1 helmet
rElec    +         Reflect  .   (no cloak)
rCorr    .         Harm     .   (no gloves)
MR       .....                  (no boots)
Stlth    ..........             (no amulet)
HPRegen  0.10/turn              (no ring)
MPRegen  0.09/turn              (no ring)

@: no status effects
A: negative energy resistance 1, electricity resistance, unbreathing,
petrification resistance, rot immunity, AC +4
a: no special abilities


You were on level 3 of the Dungeon.
You were not hungry.

You visited 1 branch of the dungeon, and saw 4 of its levels.

You collected 61 gold pieces.

Inventory:

Hand Weapons
 a - a +0 war axe (weapon)
Armour
 b - a +0 scale mail (worn)
 c - a +0 shield (worn)
 l - a +1 helmet (worn)
Scrolls
 g - a scroll of identify {unknown}
 h - a scroll of enchant weapon {unknown}
Potions
 d - a potion of might
 e - a potion of heal wounds {unknown}
 j - a potion of brilliance {unknown}
 k - a potion of magic {unknown}
Comestibles
 f - 3 rations


   Skills:
 - Level 3.2 Fighting
 * Level 4.5 Axes
 - Level 3.2 Armour
 - Level 3.2 Shields


You had 4 spell levels left.
You didn't know any spells.
Your spell library was empty.

Dungeon Overview and Level Annotations

Branches:
Dungeon (4/15)
 Temple: D:4-7

Altars:

Annotations:
D:3 Natasha


Innate Abilities, Weirdness & Mutations

You are resistant to torment.
Your stone body is resilient. (AC +4)
You are immune to poison.
You resist negative energy. (rN+)
You are resistant to electric shocks. (rElec)
You can survive without breathing.
You are immune to petrification.
You are immune to rotting.


Message History

You hit Natasha but do no damage.
Natasha is heavily wounded.
You block the bat's attack.
Natasha stares at you and mumbles some strange words.
The magic dart hits you!
You closely miss Natasha.
Natasha is heavily wounded.
You miss the bat. You hit the white imp but do no damage.
You block the bat's attack. x2; The bat hits you but does no damage.
Natasha claws you but does no damage. The white imp gestures at you.
The puff of frost hits you!
* * * LOW HITPOINT WARNING * * *
Your shield and scale mail prevent you from hitting Natasha.
Natasha is heavily wounded.
You hit the bat.
You kill the bat!
You have reached level 5!
You hit the white imp but do no damage. Natasha claws you.
You die...

#.# #.# ############,*,,,<,,,*
#.# #.# *,***,,,,,* ..# #.# *,*
*,,,,,* ..# #.# *,* *,,,,,* ..#
#.# *,* *,,,,,*
#.###'###############,* *,,,,,*
#.............†.....#+##*,,,,,***
##.#.......####........#*,,,,,,,,
#.#.†.....# *#.@......#*,,,,,,**
#.........# #..5h.....#*,,,,,,,,
##.....†..# #..........,,,,,*,,,
#.#......# #........##**,***,**
#.#......# #........'.,*,* *,,,
#.#......# #........##,*,* *,**
#........#*#........#*,*,***,**
##.......#*........$#*,*,,,,,,,
#..######*,,,,,,,,,**,,,,,,,,,


You could see Natasha and a white imp.

Vanquished Creatures
  Terence (D:2)
  Natasha (D:3)
  Robin (D:2)
  A worm (D:3)
  3 dart slugs
  A leopard gecko (D:2)
  3 orcs (D:3)
  5 giant cockroaches
  12 goblins
  4 hobgoblins (D:2)
  2 kobolds (D:1)
  3 bats
  A rat (D:3)
38 creatures vanquished.

Notes
Turn   | Place    | Note
-------+----------+-------------------------------------------
     0 | D:1      | iamserjio the Gargoyle Fighter began the quest for the Orb.
     0 | D:1      | Reached XP level 1. HP: 14/14 MP: 1/1
    43 | D:1      | Reached skill level 2 in Axes
    78 | D:1      | Reached XP level 2. HP: 19/19 MP: 2/2
   193 | D:2      | Noticed Terence
   199 | D:2      | Killed Terence
   199 | D:2      | Reached skill level 3 in Axes
   199 | D:2      | Reached XP level 3. HP: 21/23 MP: 3/3
   220 | D:2      | Noticed Robin
   228 | D:2      | Reached XP level 4. HP: 17/28 MP: 4/4
   238 | D:2      | Killed Robin
   238 | D:2      | Reached skill level 4 in Axes
   366 | D:3      | Noticed Natasha
   371 | D:3      | Killed Natasha
   421 | D:3      | Noticed Natasha
   429 | D:3      | Reached XP level 5. HP: 6/32 MP: 5/5
   429 | D:3      | Slain by Natasha

Vault maps used:
D:1:      enne_arrival_octagon_isle
D:2:      gammafunk_temple_overflow_pools, lemuel_doored_altar, serial_forest,
          infiniplex_forest_lined_room_3, infiniplex_forest_end_3,
          infiniplex_forest_end_2, infiniplex_forest_diagonal,
          infiniplex_forest_zigzag_2, infiniplex_forest_lined_3,
          infiniplex_forest_clump_double, uniq_terence, uniq_robin
D:3:      marbit_many_paths, first_ration, uniq_sigmund, uniq_natasha, uniq_ijyb
D:4:      minmay_temple_entry_from_below_a

Skill      XL: |  1  2  3  4 |
---------------+-------------+-----
Axes           | 2 3 4 |  4.5
Fighting       | |  3.2
Armour         | |  3.2
Shields        | |  3.2

Action                   |  1- 3 |  4- 6 || total
-------------------------+-------+-------++-------
Melee: War axe           |    40 |    45 ||    85
  Use: Scroll            |       |     1 ||     1
Armor: Scale mail        |    19 |    22 ||    41
Dodge: Dodged            |    14 |     9 ||    23
Block: Shield            |    21 |    34 ||    55

Table legend:
 A = Spawn XP
 B = Non-spawn XP
 C = Spawn XP percentage of total XP
 D = Spawn monster count
 E = Non-spawn monster count
 F = Spawn count percentage of total count
 G = Total turns spent on level
                    A         B        C        D         E        F      G
               +---------+---------+-------+---------+---------+-------+---------
         Total |       0 |     166 |   0.0 |       0 |      38 |   0.0 |   429
               +---------+---------+-------+---------+---------+-------+---------
           D:1 |       0 |      20 |   0.0 |       0 |       9 |   0.0 |   165
           D:2 |       0 |      88 |   0.0 |       0 |      19 |   0.0 |   111
           D:3 |       0 |      58 |   0.0 |       0 |      10 |   0.0 |   151
               +---------+---------+-------+---------+---------+-------+---------
